 Dungeon Crawl Stone Soup version 0.24.1-14-gf8d2b509d9 (webtiles) character file.

Game seed: 14064766132945264866, levelgen mode: deterministic

2359 NoSkeletonsAllowed the Cudgeler (level 9, -1/84 HPs)
             Began as a Troll Warper on Mar 6, 2022.
             Was a Believer of Dithmenos.
             Slain by a killer bee (5 damage)
             ... on level 7 of the Dungeon on Mar 10, 2022.
             The game lasted 00:57:46 (6065 turns).

NoSkeletonsAllowed the Cudgeler (Troll Warper)      Turns: 6065, Time: 00:57:47

Health: -1/84      AC:  6    Str: 22    XL:     9   Next: 20%
Magic:  10/10      EV: 12    Int:  9    God:    Dithmenos [**....]
Gold:   465        SH:  0    Dex: 11    Spells: 11/11 levels left

rFire    . . .     SeeInvis .   d - +2 whip (vamp)
rCold    . . .     Gourm    +   (no shield)
rNeg     . . .     Faith    .   y - +0 robe
rPois    .         Spirit   .   (helmet restricted)
rElec    .         Reflect  .   (no cloak)
rCorr    .         Harm     .   (gloves unavailable)
MR       +....                  (boots unavailable)
Stlth    ++........             (no amulet)
HPRegen  0.64/turn              p - ring of protection from magic
MPRegen  0.12/turn              (no ring)

@: lethally poisoned (-1 -> -2), very slightly contaminated, wreathed by umbra
A: large, unfitting armour, claws 3, fast metabolism 3, gourmand, regeneration
1, shaggy fur 1, tough skin 3
a: Shadow Step, Renounce Religion


You were on level 7 of the Dungeon.
You worshipped Dithmenos.
Dithmenos was pleased with you.
You were very full.

You visited 2 branches of the dungeon, and saw 8 of its levels.

You collected 465 gold pieces.

Inventory:

Hand Weapons
 d - a +2 vampiric whip (weapon)
 e - a +1 shortbow of freezing
 o - a +0 lajatang
 s - a +1 short sword of venom
 u - a +0 hunting sling
 G - a +1 flail of protection
 H - a +1 falchion of holy wrath
 I - a +1 quarterstaff of crushing
Missiles
 B - 122 stones (quivered)
 J - 3 silver javelins
 K - 17 arrows
Armour
 a - a +0 robe
 v - a +0 ring mail
 x - a +0 robe
 y - a +0 robe (worn)
Jewellery
 p - a ring of protection from magic (left claw)
Wands
 A - a wand of disintegration (15) {ye}
 E - a wand of flame (20)
Scrolls
 b - a scroll of magic mapping
 j - 2 scrolls of immolation
 k - 2 scrolls of fog
 q - a scroll of enchant armour {unknown}
 r - a scroll of enchant weapon {unknown}
 t - 5 scrolls of remove curse
 z - a scroll of fear {unknown}
 C - 3 scrolls of amnesia {unknown}
 D - a scroll of teleportation {unknown}
 F - a scroll of identify
Potions
 g - a potion of resistance {unknown}
 h - a potion of mutation {unknown}
 l - a potion of haste {unknown}
 m - a potion of lignification
 n - 2 potions of magic {unknown}
 w - 2 potions of agility {unknown}
Comestibles
 f - 11 rations


   Skills:
 + Level 3.8 Fighting
 * Level 5.8 Maces & Flails
 - Level 1.2 Throwing
 * Level 5.5 Dodging
 - Level 1.4 Stealth
 - Level 5.2 Unarmed Combat
 + Level 1.6 Spellcasting
   Level 2.1 Translocations
 - Level 3.2 Invocations


You had 11 spell levels left.
You didn't know any spells.
Your spell library contained the following spells:

 Spells                   Type           Power        Failure   Level  Hunger
 Blink                    Tloc           N/A          22%         2    ###....
 Shroud of Golubria       Chrm/Tloc      #.....       32%         2    ###....
 Gell's Gravitas          Tloc           #.........   38%         3    ####...
 Lesser Beckoning         Tloc           #.........   38%         3    ####...
 Teleport Other           Tloc           #.......     38%         3    ####...
 Passage of Golubria      Tloc           N/A          80%         4    #####..


Dungeon Overview and Level Annotations

Branches:
Dungeon (7/15)             Temple (1/1) D:5

Altars:
Cheibriados
Dithmenos
Elyvilon
Fedhas
Gozag
Kikubaaqudgha
Makhleb
Qazlal
Ru
Trog
Uskayaw
Vehumet
Wu Jian
Xom
Yredelemnul
Zin
The Shining One


Innate Abilities, Weirdness & Mutations

You are too large for most types of armour.
You have claws for hands.
Your metabolism is lightning-fast.
You like to eat raw meat.
Your natural rate of healing is unusually fast.
You are covered in fur. (AC +1)
You have extremely tough skin. (AC +3)


Message History

The killer bee stings you!
* * * LOW HITPOINT WARNING * * *
You are more poisoned.
The killer bee poisons you! The killer bee stings you.
* * * LOW HITPOINT WARNING * * *
Okay, then.
You barely miss the killer bee.
The killer bee is severely wounded.
You feel sick. The killer bee misses you. The killer bee barely misses you.
You barely miss the killer bee.
The killer bee is severely wounded.
You feel sick. The killer bee barely misses you.
You miss the killer bee.
The killer bee is severely wounded.
The killer bee barely misses you. The killer bee stings you.
* * * LOW HITPOINT WARNING * * *
You barely miss the killer bee.
The killer bee is severely wounded.
You feel sick. The killer bee stings you.
You die...

# #.#รท# ##.##... #
#.#.# ###...##.#
###.#.####.#
...<#.....
...........# #...#.##
......##.### ##>....#
####### # #.##.[# #
######### #...... #
#.y.)...# ####..# #
#@#####.#######..# #
#.#####.##.......# #
#.##.((.........## #
#.##(##.##.###### #
..##..o..............
#
..y..../...##.#######
# ..###...#####.#
....... ..#
..#####.## ###


You could see a killer bee.

Vanquished Creatures
  A hippogriff (D:7)
  A water moccasin (D:6)
  2 orc warriors
  2 phantoms
  2 ice beasts (D:7)
  2 ogres
  A centaur (D:7)
  Blork the orc (D:4)
  2 bullfrogs
  A scorpion (D:6)
  2 killer bees (D:7)
  A howler monkey (D:6)
  A crimson imp (D:5)
  A centaur zombie (D:5)
  A hound (D:5)
  A bullfrog zombie (D:5)
  2 jellies
  A bullfrog skeleton (D:3)
  2 orc priests (D:6)
  5 orc wizards
  3 iguanas
  Terence (D:2)
  Natasha (twice) (D:3)
  2 worker ants
  8 adders
  6 gnolls
  2 shadow imps
  4 worms
  4 dart slugs
  7 leopard geckos
  28 orcs
  4 giant cockroaches
  5 hobgoblins
  12 jackals
  3 quokkas
  5 bats
  3 frilled lizards
  5 goblins
  A jackal zombie (D:5)
  12 kobolds
  6 rats
155 creatures vanquished.

Vanquished Creatures (others)
  An orc wizard (D:5)
  An orc (D:7)
2 creatures vanquished.

Grand Total: 157 creatures vanquished

Notes
Turn   | Place    | Note
-------+----------+-------------------------------------------
     0 | D:1      | NoSkeletonsAllowed the Troll Warper began the quest for the
                  | Orb.
     0 | D:1      | Reached XP level 1. HP: 19/19 MP: 1/1
   288 | D:1      | Reached XP level 2. HP: 20/28 MP: 2/2
   898 | D:2      | Reached XP level 3. HP: 35/35 MP: 4/4
  1023 | D:2      | Reached skill level 1 in Throwing
  1076 | D:2      | Noticed Terence
  1087 | D:2      | Killed Terence
  1087 | D:2      | Reached XP level 4. HP: 34/42 MP: 5/5
  1293 | D:2      | Found a snail-covered altar of Cheibriados.
  1541 | D:3      | Found a blossoming altar of Fedhas.
  1633 | D:3      | Noticed Natasha
  1641 | D:3      | Killed Natasha
  1700 | D:3      | Reached XP level 5. HP: 47/49 MP: 6/6
  2059 | D:3      | Reached skill level 1 in Maces & Flails
  2099 | D:3      | Noticed Natasha
  2127 | D:3      | Killed Natasha
  2187 | D:3      | You fall into a shaft and drop 1 floor!
  2187 | D:4      | Found a shadowy altar of Dithmenos.
  2214 | D:4      | Became a worshipper of Dithmenos the Shadowed
  2324 | D:4      | Reached XP level 6. HP: 40/57 MP: 7/7
  2459 | D:4      | Noticed Blork the orc
  2483 | D:4      | Killed Blork the orc
  2779 | D:4      | Found a burning altar of Makhleb.
  2779 | D:4      | Found a hide-covered altar of Uskayaw.
  3078 | D:5      | Entered Level 5 of the Dungeon
  3160 | D:5      | Reached XP level 7. HP: 55/65 MP: 8/8
  3306 | D:5      | Found a staircase to the Ecumenical Temple.
  3325 | D:5      | Reached * piety under Dithmenos
  3530 | Temple   | Entered the Ecumenical Temple
  4164 | D:6      | Reached skill level 1 in Stealth
  4171 | D:6      | Found a radiant altar of Vehumet.
  4217 | D:6      | Reached skill level 1 in Invocations
  4265 | D:6      | Reached XP level 8. HP: 59/74 MP: 9/9
  4601 | D:6      | Found a glowing golden altar of the Shining One.
  4695 | D:6      | Reached ** piety under Dithmenos
  4734 | D:5      | Reached skill level 5 in Unarmed Combat
  5561 | D:7      | Reached skill level 5 in Dodging
  5607 | D:7      | Reached skill level 5 in Maces & Flails
  5655 | D:7      | Found an opulent altar of Gozag.
  5681 | D:7      | Noticed a hippogriff
  5708 | D:7      | Killed a hippogriff
  5708 | D:7      | Reached XP level 9. HP: 30/83 MP: 10/10
  6065 | D:7      | HP: 4/84 [poisoned by a killer bee]
  6065 | D:7      | Slain by a killer bee

Levels and vault maps discovered:
D:1:      lemuel_arrival_room, layout_basic, minmay_misc_feat_alley,
          minmay_unequal
D:2:      layout_loops_ring, lemuel_crystal_altar, uniq_terence
D:3:      layout_loops_ring, lemuel_doored_altar, first_ration, uniq_natasha
D:4:      layout_basic, gammafunk_temple_overflow_statue,
          nicolae_dithmenos_shadow_blocks, uniq_blork_the_orc
D:5:      layout_basic, minmay_temple_entry_junction_2
D:6:      layout_basic, tso_altar, minmay_misc_feat_chi, vehumet_altar_wand_db
D:7:      layout_loops_ring, led_sif_pool, overflow_temple_1_default
Temple:   nicolae_temple_figure_zero

Skill      XL: |  1  2  3  4  5  6  7  8  9 |
---------------+----------------------------+-----
Dodging        | 2 3 4 5 |  5.5
Throwing       | 1 |  1.2
Unarmed Combat | 3 4 5 |  5.2
Fighting       | 2 3 |  3.8
Maces & Flails | 2 4 5 |  5.8
Stealth        | 1 |  1.4
Invocations    | 1 2 3 |  3.2
Spellcasting   | |  1.6
Translocations | |  2.1

Action                   |  1- 3 |  4- 6 |  7- 9 || total
-------------------------+-------+-------+-------++-------
Melee: Unarmed           |    72 |    47 |    82 ||   201
       Punch             |     1 |     6 |     7 ||    14
       Whip              |       |   231 |   374 ||   605
       Flail             |       |       |    34 ||    34
 Fire: Hunting sling     |       |       |     2 ||     2
Throw: Boomerang         |     5 |       |       ||     5
       Stone             |       |    10 |     8 ||    18
Evoke: Wand              |       |       |     1 ||     1
  Use: Scroll            |       |     3 |     8 ||    11
       Potion            |       |     2 |    18 ||    20
 Stab: Sleeping          |     1 |     1 |     2 ||     4
  Eat: Chunk             |     3 |    24 |    23 ||    50
       Ration            |     1 |     1 |     1 ||     3
Armor: Robe              |    33 |   104 |   158 ||   295
Dodge: Dodged            |    53 |   165 |   392 ||   610
